[Event "*** Titled Tuesday Blitz"]
[Site "Chess.com"]
[Date "2021.04.27"]
[Round "5"]
[White "Elshan1985"]
[Black "Iball95"]
[Result "1-0"]
[WhiteElo "2889"]
[BlackElo "2619"]
[TimeControl "180+1"]
[EndTime "10:56:42 PDT"]
[Termination "Elshan1985 won on time"]

1. Nf3 g6 2. e3 Bg7 3. d4 Nf6 4. c4 O-O 5. Nc3 c5 6. d5 e6 7. Be2 exd5 8. cxd5 d6 9. O-O Bg4 10.
a4 Nbd7 11. h3 Bxf3 12. Bxf3 a6 13. a5 Rc8 14. Bd2 c4 15. Be2 Re8 16. Ra4 Rc5 17. Rxc4 Rxc4 18. Bxc4 Qxa5 19. Re1 Qc5 20. Ba2 Nb6 21.
e4 Nc4 22. Bc1 b5 23. Qd3 Rc8 24. Qf3 Nd7 25. Bxc4 Qxc4 26. Bf4 b4 27. Na4 Ne5 28. Bxe5 Bxe5 29. Nb6 Qc1 30. Kf1 Qc7 31. Nxc8 Qxc8 32. b3 a5 33. Qd3 Qc5 34. g3 h5 35. Kg2 h4 36. gxh4 Bc3 37. Re3 Kg7 38. Rg3 Be5 39. Rg5 a4 40. bxa4 Bc3 41. h5 b3 42. hxg6 b2 43.
e5 Bxe5 44. gxf7+ Kxf7 45. Qg6+ Ke7 46. Qe6+ Kd8 47. Rg8+ Kc7 48. Rc8+ Kb6 49. Rxc5 Kxc5 50. Qf5 1-0

[Event "*** Titled Tuesday Blitz"]
[Site "Chess.com"]
[Date "2021.04.27"]
[Round "5"]
[White "German_Bazeev"]
[Black "nocnypako"]
[Result "1-0"]
[WhiteElo "2787"]
[BlackElo "2546"]
[TimeControl "180+1"]
[EndTime "10:56:42 PDT"]
[Termination "German_Bazeev won by checkmate"]

1. d4 Nf6 2. Nf3 g6 3. c4 Bg7 4.
Nc3 d5 5. cxd5 Nxd5 6. Qa4+ Nc6 7. e4 Nxc3 8. bxc3 O-O 9. Bg5 h6 10. Bh4 Qd7 11. Qa3 g5 12. Bg3 e5 13. d5 Nd8 14.
Be2 f6 15. c4 b6 16. c5 bxc5 17. O-O Nb7 18. Nd2 Nd6 19. Qxc5 f5 20. f3 g4 21.
fxg4 f4 22. Bh4 Bb7 23. Bf3 Rfc8 24. Rfd1 c6 25. dxc6 Rxc6 26. Qa5 Qc7 27. Qxc7 Rxc7 28. Bf2 a6 29. Rab1 Rac8 30. Rb6 Nb5 31. a4 Nc3 32. Re1 Nxa4 33. Rd6 Nc3 34. Nb3 Rc6 35. Rd7 R8c7 36. Rd8+ Kh7 37. Na5 Re6 38. Nxb7 Rxb7 39. h4 Rb4 40. g5 hxg5 41. hxg5 Rg6 42. Bg4 Rxg5 43. Bf5+ Kh6 44. Rd6+ Kh5 45. Rd3 Rb3 46. Rh3# 1-0

[Event "*** Titled Tuesday Blitz"]
[Site "Chess.com"]
[Date "2021.04.27"]
[Round "5"]
[White "KIEV-1"]
[Black "UKR_Master"]
[Result "1-0"]
[WhiteElo "2239"]
[BlackElo "2468"]
[TimeControl "180+1"]
[EndTime "10:56:42 PDT"]
[Termination "KIEV-1 won by resignation"]

1. e4 c5 2. Nf3 d6 3. d4 cxd4 4.
Nxd4 e5 5. Nb5 a6 6. N5c3 h6 7. Be3 Nf6 8. Be2 Be6 9. O-O Be7 10.
Nd2 Nbd7 11. Bc4 Rc8 12. Qe2 b5 13. Bb3 Nb6 14. a3 Nc4 15. Nxc4 bxc4 16. Ba4+ Nd7 17. f4 exf4 18. Bxf4 O-O 19. Nd5 Nb6 20. Nxe7+ Qxe7 21. b3 cxb3 22. Bxb3 Nc4 23. Rfd1 Rfd8 24. Rd4 Qa7 25. Qf2 Ne5 26. Rad1 Bxb3 27. cxb3 Ng4 28. Qg3 Nf6 29. Kf1 Nh5 30. Qf3 Nxf4 31. Qxf4 Rc2 32. R1d2 Rxd2 33. Qxd2 Qc5 34. b4 Qe5 35. g3 Qe6 36. Kg2 Qe5 37. Qd3 a5 38. Rd5 Qb2+ 39.
Qd2 Qxa3 40. bxa5 Qa4 41. Rd4 Qc6 42. h3 Re8 43. Qd3 f5 44. a6 fxe4 45. Qc4+ Qxc4 46. Rxc4 Ra8 47. Rc6 d5 48. Kf2 Kf7 49. Ke3 Ke7 50. Kd4 Kd7 51. Rg6 Rxa6 52. Rxa6 1-0

[Event "*** Titled Tuesday Blitz"]
[Site "Chess.com"]
[Date "2021.04.27"]
[Round "5"]
[White "SHIVACalypso"]
[Black "ri4mi"]
[Result "0-1"]
[WhiteElo "2451"]
[BlackElo "2313"]
[TimeControl "180+1"]
[EndTime "10:56:42 PDT"]
[Termination "ri4mi won on time"]

1. Nf3 d5 2. c4 c6 3. d4 e6 4. g3 dxc4 5. Bg2 b5 6. O-O Bb7 7. a4 Nd7 8. Nc3 a6 9. Qc2 Ngf6 10.
Rd1 Be7 11. Ne5 Qb6 12. Be3 Nd5 13. Nxd7 Kxd7 14. Bd2 Nb4 15. Qb1 h5 16. Ne4 Nd5 17. Nc5+ Ke8 18. e4 Nf6 19. Be3 h4 20. b3 c3 21. b4 hxg3 22. hxg3 Ng4 23. Bf4 g5 24.
Bc1 e5 25. Be3 Nxe3 26. fxe3 g4 27. Qc2 Qc7 28. Qxc3 exd4 29. exd4 Rd8 30. e5 Bc8 31.
Rac1 Bg5 32. Rc2 Qe7 33. Bxc6+ Kf8 34. Qd3 f5 35. exf6 Qf7 36. Rf2 Qh5 37. Kf1 Rd6 38.
Bg2 Rxf6 39. Rxf6+ Bxf6 40. Ne4 Qg6 0-1

[Event "*** Titled Tuesday Blitz"]
[Site "Chess.com"]
[Date "2021.04.27"]
[Round "5"]
[White "AsaHoffmann"]
[Black "Ind1anStar"]
[Result "1-0"]
[WhiteElo "2369"]
[BlackElo "2506"]
[TimeControl "180+1"]
[EndTime "10:56:43 PDT"]
[Termination "AsaHoffmann won by resignation"]

1. d4 d5 2. Bg5 h6 3. Bh4 c5 4.
e3 Nf6 5. Nd2 Nc6 6. c3 e6 7. f4 Be7 8. Ngf3 Ne4 9. Bxe7 Qxe7 10. Nxe4 dxe4 11. Ne5 Nxe5 12. fxe5 Qg5 13. Bb5+ Ke7 14.
Qe2 Rd8 15. O-O f6 16. exf6+ gxf6 17. Rf4 cxd4 18. cxd4 Rxd4 19. Raf1 Rd5 20. Bc4 Rc5 21. Rg4 Qe5 22. Rg7+ Kf8 23. Qg4 f5 24. Rg8+ Ke7 25. Qh4+ Kd6 26. b3 Kc6 27. Qd8 Qc7 28. Qd4 Qd7 29.
Qf6 b5 30. Bxe6 Qxe6 31. Qxe6+ Bxe6 32. Rxa8 Rc2 33. Rxa7 Kb6 34. Re7 Bd5 35. Rd1 Bc6 36. Re6 Rxa2 37. Rdd6 Rc2 38. b4 Kc7 39. Rxh6 Rc4 40.
Rxc6+ Rxc6 41. Rxc6+ Kxc6 42. h4 Kd5 43. Kf2 Kc4 44. h5 Kxb4 45. h6 Ka3 46. h7 b4 47.
h8=Q b3 48. Kg3 b2 49. Qxb2+ Kxb2 50. Kf4 Kc3 51. Kxf5 Kd3 52. Kf4 Ke2 53. Kxe4 Kf2 54. g4 1-0

[Event "*** Titled Tuesday Blitz"]
[Site "Chess.com"]
[Date "2021.04.27"]
[Round "5"]
[White "AEMEffi"]
[Black "Fraler15"]
[Result "0-1"]
[WhiteElo "2316"]
[BlackElo "2206"]
[TimeControl "180+1"]
[EndTime "10:56:43 PDT"]
[Termination "Fraler15 won by resignation"]

1. d4 d5 2. c4 e6 3. Nc3 Nf6 4. cxd5 exd5 5. Bg5 Bb4 6. Rc1 h6 7. Bxf6 Qxf6 8. a3 Bxc3+ 9. Rxc3 c6 10. e3 Bf5 11. Qf3 Nd7 12. Nh3 Be4 13. Qxf6 Nxf6 14. f3 Bg6 15. Nf4 Bh7 16. Bd3 Bxd3 17. Nxd3 O-O-O 18.
Kd2 Rhe8 19. b4 Nd7 20. b5 Nb6 21. Ne5 f6 22. Ng6 Nc4+ 23. Ke2 cxb5 24. Rb1 a6 25. h4 Kb8 26. h5 Rd6 27. Nf4 Rd7 28.
g4 Kc7 29. a4 bxa4 30. Nxd5+ Rxd5 31. Rxc4+ Kb8 32. Rxa4 Re7 33. e4 Rd6 34. d5 Ka7 35. Rc4 Rxd5 36. Ke3 Rd6 37. f4 Rb6 38. Rd1 Rb3+ 39.
Kf2 b5 40. Rc6 Rb4 41. Rdd6 Ra4 42. Re6 Rxe6 43. Rxe6 b4 44. e5 fxe5 45. Re7+ Kb6 46. Rxe5 b3 47. Re3 Rxf4+ 48. Kg3 Rb4 49. Re6+ Ka5 50.
Re5+ Rb5 51. Re2 b2 52. Re1 b1=Q 53. Rxb1 Rxb1 0-1

[Event "*** Titled Tuesday Blitz"]
[Site "Chess.com"]
[Date "2021.04.27"]
[Round "5"]
[White "dropstoneDP"]
[Black "Nuvas"]
[Result "1-0"]
[WhiteElo "2921"]
[BlackElo "2633"]
[TimeControl "180+1"]
[EndTime "10:56:44 PDT"]
[Termination "dropstoneDP won by resignation"]

1. e4 c5 2. d3 Nc6 3. Nc3 g6 4. Be3 d6 5. g3 Bg7 6. Bg2 Nf6 7. Qd2 Ng4 8. Bf4 e5 9. Bg5 f6 10. Be3 Nxe3 11. fxe3 Be6 12. Nge2 O-O 13. O-O Ne7 14. a4 Qd7 15. b3 Rad8 16. Rf2 Bh6 17. Raf1 Kg7 18.
Kh1 f5 19. Ng1 fxe4 20. Rxf8 Rxf8 21. Rxf8 Kxf8 22. Bxe4 d5 23. Qf2+ Kg7 24. Bg2 b6 25. e4 d4 26. Nd5 Nxd5 27. exd5 Bxd5 28. Bxd5 Qxd5+ 29. Qg2 Qf7 30. Qe4 Be3 31. Nf3 Qf5 32.
Qxf5 gxf5 33. Nxe5 f4 34. g4 Kf6 35. Nf3 a6 36. Kg2 b5 37. axb5 axb5 38. Kh3 Bf2 39. Nd2 Ke5 40. Ne4 Be1 41. Ng5 Kd5 42. Kg2 h6 43.
Nf7 c4 44. bxc4+ bxc4 45. Nxh6 cxd3 46. cxd3 Bh4 47. Kf3 Kc5 48. Kxf4 Kb4 49. Ke4 Kc3 50. Nf7 1-0

[Event "*** Titled Tuesday Blitz"]
[Site "Chess.com"]
[Date "2021.04.27"]
[Round "5"]
[White "levallem"]
[Black "Forantes"]
[Result "0-1"]
[WhiteElo "2267"]
[BlackElo "2497"]
[TimeControl "180+1"]
[EndTime "10:56:45 PDT"]
[Termination "Forantes won by resignation"]

1. e4 c5 2. Nf3 Nc6 3. d4 cxd4 4.
Nxd4 e5 5. Nb3 Nf6 6. Nc3 Bb4 7. Bd3 d5 8. exd5 Nxd5 9. Bd2 Nxc3 10. bxc3 Be7 11.
O-O O-O 12. Qe2 Re8 13. Rfd1 Qc7 14. Be3 b6 15. Be4 Bb7 16. Qg4 Rad8 17. h4 Qc8 18. Qxc8 Rxc8 19. Rd7 Ba8 20. Rad1 g6 21. g3 f5 22.
Bd5+ Kh8 23. Bh6 Red8 24. Rxd8+ Rxd8 25. c4 Nb4 26. c3 Nxd5 27. cxd5 Rxd5 28. Rc1 Kg8 29.
c4 Rd7 30. Be3 Kf7 31. c5 bxc5 32. Bxc5 Bd5 33. Bxe7 Kxe7 34. Nc5 Rc7 35. Nd3 Rxc1+ 36. Nxc1 Bc4 37. Kg2 Kd6 38. Kf3 Kc5 39. Ke3 Kb4 40. Kd2 Ka3 41. Kc3 Bxa2 42. Nxa2 Kxa2 43. Kb4 Kb2 44.
Ka5 Kc3 45. Ka6 Kd3 46. Kxa7 Ke2 47. Kb6 Kxf2 48. Kc5 e4 49. Kd4 e3 0-1

[Event "*** Titled Tuesday Blitz"]
[Site "Chess.com"]
[Date "2021.04.27"]
[Round "5"]
[White "Nikolaj_6"]
[Black "Triumphmate"]
[Result "1-0"]
[WhiteElo "2647"]
[BlackElo "2441"]
[TimeControl "180+1"]
[EndTime "10:56:47 PDT"]
[Termination "Nikolaj_6 won on time"]

1. e4 d5 2. exd5 Nf6 3. d4 Bg4 4. f3 Bf5 5. g4 Bg6 6. c4 h6 7.
Nc3 e6 8. dxe6 Nc6 9. Be3 Bb4 10.
Ne2 O-O 11. Bg2 fxe6 12. O-O Qd7 13. a3 Be7 14. h3 Rad8 15. f4 a6 16. b4 Ne8 17. d5 exd5 18. Qxd5+ Bf7 19. Qxd7 Rxd7 20. Nd5 Nd6 21. Nxe7+ Rxe7 22. Bxc6 bxc6 23. Rf3 Rfe8 24. c5 Nc4 25. Nd4 Rxe3 26. Rxe3 Rxe3 27. Nxc6 Rxh3 28. a4 Bd5 29. Ne7+ Kf7 30. Nxd5 c6 31. Nc7 Rg3+ 32. Kf2 Rxg4 33. Kf3 Rh4 34. Nxa6 g5 35. fxg5 hxg5 36. b5 Ke6 37. b6 Na5 38. Rd1 Rxa4 39. Rd6+ Kf5 40. Nb8 Ra3+ 41. Ke2 g4 42. Nxc6 Ra2+ 43. Kd3 Nxc6 44. Rxc6 Rb2 45. Kc3 Rb1 46. Rc8 1-0

[Event "*** Titled Tuesday Blitz"]
[Site "Chess.com"]
[Date "2021.04.27"]
[Round "5"]
[White "Diaschess88"]
[Black "Sjakkerntobi"]
[Result "1-0"]
[WhiteElo "2561"]
[BlackElo "2381"]
[TimeControl "180+1"]
[EndTime "10:56:47 PDT"]
[Termination "Diaschess88 won on time"]

1. d4 e6 2. c4 Nf6 3. Nc3 c5 4.
d5 exd5 5. cxd5 d6 6. e4 g6 7.
f3 Bg7 8. Nge2 h5 9. Ng3 h4 10. Nge2 Nh5 11. Be3 Nd7 12. Qd2 Ne5 13. h3 Nc4 14. Qc1 Nxe3 15. Qxe3 Bd7 16. f4 Qe7 17. O-O-O f5 18. e5 dxe5 19. d6 Qf7 20. Nd5 O-O 21.
fxe5 Be6 22. Ne7+ Kh7 23. Kb1 Bxa2+ 24. Ka1 Bb3 25. Rc1 Bh6 26. Qf2 Bxc1 27. Nxc1 Be6 28. Qxh4 Kg7 29. g4 fxg4 30. hxg4 Qf4 31. Bd3 c4 32.
Bc2 Qxg4 33. Qxg4 Bxg4 34. Rg1 Rf4 35. Bxg6 Kh6 36. Bc2 Kg5 37. Ne2 Rf2 38. Nd4 Kf4 39. Bg6 Ng3 40. e6 Rf1+ 41. Rxf1+ Nxf1 42. d7 Rd8 43. Nd5+ Ke5 44. e7 1-0

[Event "*** Titled Tuesday Blitz"]
[Site "Chess.com"]
[Date "2021.04.27"]
[Round "5"]
[White "ajdemipopushi"]
[Black "DonBroca"]
[Result "1/2-1/2"]
[WhiteElo "2334"]
[BlackElo "2215"]
[TimeControl "180+1"]
[EndTime "10:56:47 PDT"]
[Termination "Game drawn - insufficient material"]

1. Nf3 b6 2. g3 Bb7 3. Bg2 g6 4. O-O Bg7 5. c4 e6 6. d4 Ne7 7.
Nc3 O-O 8. d5 exd5 9. cxd5 d6 10. e4 f5 11. Nd4 Bxd4 12. Qxd4 fxe4 13. Qxe4 Nf5 14. h4 Re8 15. Qg4 Qf6 16. Ne4 Qd4 17. Bg5 Nd7 18. Rad1 Qxb2 19. h5 Qg7 20. hxg6 hxg6 21.
Rfe1 Re5 22. Bf4 Rxd5 23. Rxd5 Bxd5 24. Nxd6 Bxg2 25. Nxf5 gxf5 26. Qxg7+ Kxg7 27. Kxg2 Kf7 28. Bxc7 Nf6 29. Rd1 Rc8 30. Be5 Ng4 31. Bd4 Rd8 32. Rd2 Rd5 33. Kf3 Ke6 34. Ke2 Ne5 35. Bxe5 Rxd2+ 36. Kxd2 Kxe5 37. Ke3 b5 38. f3 a5 39.
Kd3 Kd5 40. Kc3 Ke5 41. a3 Kd5 42. Kd3 Ke5 43. Kc3 Kd5 44. Kb3 Kd4 45. Kc2 Ke3 46. g4 Kf4 47. gxf5 Kxf5 48. Kd3 Kf4 49. Kd4 Kxf3 50.
Kc5 b4 51. axb4 axb4 52. Kxb4 1/2-1/2

[Event "*** Titled Tuesday Blitz"]
[Site "Chess.com"]
[Date "2021.04.27"]
[Round "5"]
[White "GMJustin"]
[Black "VladaSviridova"]
[Result "1-0"]
[WhiteElo "2297"]
[BlackElo "2277"]
[TimeControl "180+1"]
[EndTime "10:56:47 PDT"]
[Termination "GMJustin won on time"]

1. d4 d5 2. c4 c6 3. Nf3 Nf6 4. Qc2 dxc4 5. e4 b5 6. b3 cxb3 7. axb3 e6 8. Bd2 a5 9. Bd3 Bb7 10. O-O Be7 11. Rc1 h6 12. Nc3 Na6 13. e5 Nb4 14.
exf6 Nxc2 15. fxe7 Qxe7 16. Rxc2 O-O 17. Ne4 b4 18.
Nc5 Rfd8 19. Be3 g5 20. Ne5 Rdc8 21. g4 Kg7 22. Nc4 Rd8 23. Nxa5 Bc8 24. Rca2 Bd7 25.
Be4 Be8 26. Nxc6 Bxc6 27. Bxc6 Rxa2 28. Rxa2 Qc7 29. Be4 e5 30. d5 Qc8 31. Ra7 Qxg4+ 32. Kf1 Qd1+ 33. Kg2 Rxd5 34. Bxd5 Qxd5+ 35. f3 g4 36. Ne4 gxf3+ 37. Kxf3 Kg6 38. Ra6+ Kh7 39. Rf6 Kg7 40. Rf5 f6 41. Rxf6 Qxb3 42. Rb6 Qd1+ 43. Kf2 Qc2+ 44. Kf3 b3 45. Bxh6+ Kh7 46. Ng5+ 1-0

[Event "*** Titled Tuesday Blitz"]
[Site "Chess.com"]
[Date "2021.04.27"]
[Round "5"]
[White "woodhy"]
[Black "Srisshhhtea"]
[Result "0-1"]
[WhiteElo "2482"]
[BlackElo "2346"]
[TimeControl "180+1"]
[EndTime "10:56:49 PDT"]
[Termination "Srisshhhtea won by checkmate"]

1. e4 e6 2. d4 d5 3. e5 c5 4. c3 Qb6 5. Nf3 Bd7 6. a4 cxd4 7. Nxd4 Nc6 8. Nxc6 bxc6 9. a5 Qc7 10. f4 Ne7 11.
Bd3 Ng6 12. O-O c5 13. Be3 c4 14. Bc2 Bc5 15. Bd4 Ne7 16. Kh1 Nf5 17. Bxf5 exf5 18. Bxc5 Qxc5 19. Nd2 Rb8 20. Ra2 d4 21. Nf3 d3 22.
Nd4 O-O 23. Qh5 g6 24. Qh6 f6 25. e6 Bc8 26. Re1 Re8 27. Qh4 Kg7 28. Qg3 a6 29. h4 Rb7 30. h5 Rbe7 31. Qh4 Bxe6 32. h6+ Kf7 33. Qxf6+ Kxf6 34. b4 cxb3 35. Raa1 Bc4 36.
Red1 b2 37. Rab1 Rb8 38. Rd2 Qa3 39. Nc6 Qxc3 40. Rdd1 Ba2 41. Nxe7 Kxe7 42. Re1+ Kf6 43. Rbd1 b1=Q 44. Rxb1 Rxb1 45. Rxb1 Bxb1 46. Kh2 Qe1 47.
Kh3 d2 48. g4 d1=Q 49. g5+ Ke6 50. Kg2 Qf1+ 51. Kg3 Qg4+ 52. Kh2 Qfg2# 0-1

[Event "*** Titled Tuesday Blitz"]
[Site "Chess.com"]
[Date "2021.04.27"]
[Round "5"]
[White "monikarozman"]
[Black "ChronicUnhappiness"]
[Result "1-0"]
[WhiteElo "2196"]
[BlackElo "2315"]
[TimeControl "180+1"]
[EndTime "10:56:53 PDT"]
[Termination "monikarozman won on time"]

1. d4 Nf6 2. c4 e6 3. Nf3 d5 4. Nc3 Bb4 5. cxd5 exd5 6. Bg5 Qd6 7. e3 Ne4 8. Qc2 Nxg5 9. Nxg5 c6 10. Bd3 h6 11. Nf3 Nd7 12. O-O O-O 13. Rae1 Nf6 14. Nd2 Be6 15. f3 c5 16. a3 c4 17. Bf5 Bxf5 18.
Qxf5 Bxc3 19. bxc3 Qxa3 20. Nb1 Qd6 21. e4 Qe6 22.
Qf4 b5 23. e5 Nd7 24. Qh4 Nb6 25. f4 f5 26. exf6 Qxf6 27. Qh5 Qf5 28. Qxf5 Rxf5 29.
Na3 a6 30. Re6 Rf6 31. Rfe1 Raf8 32. g3 Rxe6 33. Rxe6 Rf6 34. Re8+ Kf7 35. Rb8 Na4 36.
Nb1 Re6 37. Kf2 g5 38. f5 Rd6 39. g4 h5 40. h3 hxg4 41. hxg4 Rh6 42. Kg2 Rd6 43.
Rb7+ Kf6 44. Kf2 Nb2 45. Nd2 Nd3+ 46. Ke3 b4 47. cxb4 Nf4 48. Nf3 Rd8 49. Ne5 Ng2+ 50. Kf2 1-0

[Event "*** Titled Tuesday Blitz"]
[Site "Chess.com"]
[Date "2021.04.27"]
[Round "5"]
[White "Dinamo81"]
[Black "sergiochess83"]
[Result "1/2-1/2"]
[WhiteElo "2722"]
[BlackElo "2881"]
[TimeControl "180+1"]
[EndTime "10:56:55 PDT"]
[Termination "Game drawn by stalemate"]

1. d4 Nf6 2. Bf4 c5 3. e3 Nd5 4.
Bg3 Qb6 5. b3 cxd4 6. exd4 Nf6 7. c4 d5 8. c5 Qb4+ 9. Qd2 Nc6 10. Nf3 g6 11. Nc3 Ne4 12. Nxe4 dxe4 13. Ne5 Qxd4 14. Qxd4 Nxd4 15. Rd1 f6 16. Rxd4 fxe5 17. Bxe5 Rg8 18.
Rxe4 Bf5 19. Bb5+ Kf7 20. Rd4 Rc8 21. b4 a5 22. a3 axb4 23. axb4 b6 24. Bc4+ e6 25.
Rd7+ Be7 26. Bd6 Rge8 27. Ke2 bxc5 28. bxc5 Kf6 29. Bd3 Bxd6 30. cxd6 Bxd3+ 31. Kxd3 Red8 32. Rxd8 Rxd8 33. Ke2 Rxd6 34. Rd1 Rxd1 35. Kxd1 Ke5 36. Ke2 Ke4 37. f3+ Kd4 38. Kd2 e5 39. Ke2 g5 40.
Kd2 h5 41. Ke2 e4 42. fxe4 Kxe4 43. Kf2 Kf4 44. Ke2 h4 45. Kf2 Ke4 46. Ke2 g4 47.
h3 g3 48. Kf1 Kd3 49. Kg1 Ke2 50. Kh1 Kf1 1/2-1/2

[Event "*** Titled Tuesday Blitz"]
[Site "Chess.com"]
[Date "2021.04.27"]
[Round "5"]
[White "Ajedrez_con_German"]
[Black "TeukkaSalama"]
[Result "0-1"]
[WhiteElo "2516"]
[BlackElo "2375"]
[TimeControl "180+1"]
[EndTime "10:56:55 PDT"]
[Termination "TeukkaSalama won on time"]

1. e4 c6 2. d4 d5 3. exd5 cxd5 4.
Bd3 Nc6 5. c3 Nf6 6. Bf4 Bg4 7.
Qb3 Qd7 8. Nd2 e6 9. Ngf3 Bd6 10. Bg3 Bxg3 11. hxg3 O-O 12. Ne5 Nxe5 13. dxe5 Ne4 14.
Nxe4 dxe4 15. Bxe4 Bf5 16. Bxf5 exf5 17. O-O Rfe8 18. f4 Qd3 19. Rf3 Qe4 20. Rd1 Rad8 21. Rff1 Qe3+ 22. Kh2 h5 23. Rxd8 Rxd8 24. Rd1 Re8 25.
Qxb7 Qe2 26. Rd7 h4 27. Qf3 hxg3+ 28. Kxg3 Qe1+ 29. Qf2 Qe4 30. Rd4 Qc6 31. Qf3 Qg6+ 32. Kf2 Rb8 33. b3 Qa6 34. Qe2 Qb6 35. Qd3 Qa5 36. Qd2 Qb6 37. Ke2 Re8 38. c4 Qc6 39. Rd5 Qh6 40. Qe3 Qh5+ 41. Qf3 Qh1 42. Rd2 Qc1 43. Qe3 f6 44. Kf2 fxe5 45. fxe5 f4 46.
Qd4 Qh1 47. Qd5+ Kh8 48. Qf3 Qh4+ 49. Kf1 Rxe5 50. Rd8+ Qxd8 0-1

[Event "*** Titled Tuesday Blitz"]
[Site "Chess.com"]
[Date "2021.04.27"]
[Round "5"]
[White "Abund"]
[Black "InvisibleWarrior2252"]
[Result "1-0"]
[WhiteElo "2746"]
[BlackElo "2573"]
[TimeControl "180+1"]
[EndTime "10:56:56 PDT"]
[Termination "Abund won by resignation"]

1. e4 c5 2. Nf3 d6 3. Bb5+ Nd7 4. a4 Nf6 5. Nc3 g6 6. a5 Bg7 7. O-O O-O 8. Re1 a6 9. Bf1 e5 10. d3 Rb8 11. Nd2 b5 12. axb6 Nxb6 13. b3 d5 14. Bb2 d4 15. Na4 Nxa4 16. Rxa4 Qc7 17. Nc4 Nd7 18.
Qd2 f5 19. exf5 gxf5 20. g3 Bb7 21. Bg2 Bxg2 22. Kxg2 Qc6+ 23. f3 e4 24. dxe4 fxe4 25.
fxe4 Nf6 26. Ne5 Qb7 27. Qd3 Rbe8 28. Nf3 Nxe4 29. Qxa6 Qxa6 30. Rxa6 h5 31. Re2 Rf5 32. Nh4 Rfe5 33. Ng6 Rg5 34. Nf4 h4 35. Rg6 Rxg6 36. Nxg6 hxg3 37. hxg3 Kf7 38. Nf4 Ng5 39. Rf2 Ne4 40. Rf1 Nd2 41. Rd1 Ne4 42. Ba3 Nc3 43. Rf1 Bf8 44. Nd3+ Kg7 45. Bxc5 Bxc5 46. Nxc5 Nd5 47.
Rf2 Ne3+ 48. Kf3 Rc8 49. Ne6+ Kf6 50. Nxd4 Nd5 51. Ke4+ 1-0

[Event "*** Titled Tuesday Blitz"]
[Site "Chess.com"]
[Date "2021.04.27"]
[Round "5"]
[White "Nozdrachev_Vladislav"]
[Black "ehrenfeld"]
[Result "1-0"]
[WhiteElo "2714"]
[BlackElo "2524"]
[TimeControl "180+1"]
[EndTime "10:56:56 PDT"]
[Termination "Nozdrachev_Vladislav won on time"]

1. e4 e5 2. Nf3 Nc6 3. Bc4 Nf6 4. d3 Bc5 5. O-O d6 6. c3 a6 7. a4 Ba7 8. Nbd2 h6 9. Re1 O-O 10. Nf1 Ne7 11. Ng3 Ng6 12. h3 c6 13. Bb3 Re8 14.
d4 a5 15. Bc2 Be6 16. Be3 Qc7 17. Qd2 Kh7 18. b3 Rad8 19. c4 Bc8 20. Qc3 exd4 21.
Nxd4 Kg8 22. Ndf5 Bxe3 23. Rxe3 Bxf5 24. Nxf5 Re6 25. Rd1 Rde8 26. Rg3 Qb6 27. Nxd6 Rd8 28. c5 Qb4 29. Qxb4 axb4 30. Nxb7 Rxd1+ 31. Bxd1 Rxe4 32. Rd3 Re1+ 33. Kh2 Nd5 34. a5 Ne5 35. Rd2 Nc3 36. a6 Nb5 37. f4 Ng6 38. Bf3 Ne7 39. Na5 Ra1 40. Nxc6 Nxc6 41. Bxc6 Nc3 42. Bb7 Ra3 43. c6 Nb5 44. Rd7 Rxb3 45. c7 Nxc7 46. Rxc7 Ra3 47. Rc4 b3 48. Rb4 g6 49. h4 h5 50. g3 Kg7 51. Kh3 Kf6 52. Rxb3 Rxb3 53. a7 Rxb7 54.
a8=Q 1-0

[Event "*** Titled Tuesday Blitz"]
[Site "Chess.com"]
[Date "2021.04.27"]
[Round "5"]
[White "MFguimaraes"]
[Black "SF-96"]
[Result "0-1"]
[WhiteElo "2426"]
[BlackElo "2596"]
[TimeControl "180+1"]
[EndTime "10:56:56 PDT"]
[Termination "SF-96 won on time"]

1. e4 e5 2. Nf3 Nc6 3. Bc4 Bc5 4.
c3 Nf6 5. d4 exd4 6. e5 d5 7.
Be2 Ne4 8. cxd4 Bb4+ 9. Bd2 Nxd2 10. Nbxd2 Bg4 11. O-O O-O 12. a3 Bxd2 13. Qxd2 f6 14. Rfe1 Bxf3 15. Bxf3 fxe5 16. dxe5 Ne7 17. b4 c6 18. b5 Qe8 19. bxc6 bxc6 20. Rac1 Rb8 21. Qa5 Qg6 22. Qxa7 Nf5 23. g3 Rb2 24. Re2 Rb3 25. Bg2 Qh6 26. Rce1 Rd3 27. e6 Nd4 28. Re3 Qf6 29. f4 Nb5 30. Qd7 Rxe3 31. Rxe3 Qd4 32.
Kf2 Nc3 33. e7 Nd1+ 34. Ke1 Qxe3+ 35. Kxd1 Qg1+ 36. Ke2 Qxg2+ 37. Kd3 Qe4+ 38. Kd2 Qd4+ 39. Ke2 Qb2+ 40. Kf1 Qxa3 41. e8=Q Rxe8 42. Qxe8+ Qf8 43. Qxc6 Qd8 44. Qc3 Kf7 45. Qd3 Qd6 46. Qxh7 d4 47.
Qf5+ Ke7 48. Ke2 Qa6+ 0-1

[Event "*** Titled Tuesday Blitz"]
[Site "Chess.com"]
[Date "2021.04.27"]
[Round "5"]
[White "Rodchenkov_Vitalij"]
[Black "IsuruAlahakoon"]
[Result "1-0"]
[WhiteElo "2059"]
[BlackElo "2194"]
[TimeControl "180+1"]
[EndTime "10:56:57 PDT"]
[Termination "Rodchenkov_Vitalij won on time"]

1. Nf3 d5 2. d4 Bf5 3. Bf4 e6 4. c4 Nc6 5. e3 Bd6 6. Bxd6 Qxd6 7. cxd5 exd5 8. Nc3 Nf6 9. Bb5 O-O 10. O-O Ne7 11. Bd3 Bg4 12. h3 Bh5 13. Be2 c6 14.
Rc1 Rfe8 15. Re1 Bxf3 16. Bxf3 Ng6 17. a3 a5 18. Qb3 Re7 19. Na4 Nh4 20. Be2 Ne4 21. Bf1 Qg6 22. Qd1 Re6 23. Nc5 Rf6 24.
Nxe4 dxe4 25. Qg4 Qxg4 26. hxg4 Rg6 27. Be2 a4 28. Rc5 Re6 29. Rh5 Ng6 30. Rc1 Ne7 31. Bc4 Rg6 32. f3 exf3 33. gxf3 Rd8 34. Kf2 h6 35.
Re5 Kf8 36. Ba2 Rf6 37. Ra5 Ng6 38. Rxa4 Nh4 39. f4 g5 40. f5 Rfd6 41. Rd1 Kg7 42. Rb4 b5 43. a4 bxa4 44. Rxa4 c5 45. Rc4 cxd4 46. Rcxd4 Rxd4 47. Rxd4 Rxd4 48. exd4 Kf6 49.
Ke3 Ke7 50. Bc4 Kd6 51. Bf1 h5 52. gxh5 Nxf5+ 53. Kd3 Ng3 54. Be2 1-0

[Event "*** Titled Tuesday Blitz"]
[Site "Chess.com"]
[Date "2021.04.27"]
[Round "5"]
[White "Sam_ChessMood"]
[Black "frederiksvane"]
[Result "1-0"]
[WhiteElo "2908"]
[BlackElo "2748"]
[TimeControl "180+1"]
[EndTime "10:56:58 PDT"]
[Termination "Sam_ChessMood won by resignation"]

1. e4 c5 2. Nf3 g6 3. c3 d5 4.
exd5 Qxd5 5. d4 Bg7 6. dxc5 Qxc5 7. Be3 Qc7 8. Na3 a6 9. Nc4 Nd7 10. a4 Ngf6 11. a5 O-O 12. h3 Rd8 13. Qb3 Nd5 14. Be2 Nc5 15. Bxc5 Qxc5 16. Qa3 Qc7 17. g3 Be6 18. Ncd2 h6 19. Kf1 b5 20. axb6 Nxb6 21.
Kg2 a5 22. Rhd1 Bd5 23. Kg1 e5 24. Nf1 Qb7 25. N3d2 h5 26. Ne3 Bc6 27. Ndc4 Nxc4 28. Bxc4 Bh6 29. Rxd8+ Rxd8 30. Qxa5 Re8 31. Qa7 Bxe3 32.
Qxb7 Bxf2+ 33. Kxf2 Bxb7 34. Ra7 Rb8 35. b4 Kg7 36.
Ke3 Kf6 37. Be2 Bd5 38. b5 Rc8 39. Kd2 e4 40. h4 e3+ 41. Kxe3 Rxc3+ 42. Kd4 Rc2 43. Bd3 Rd2 44. b6 Bh1 45. Kc3 Rg2 46. b7 Rxg3 47. b8=Q Rh3 48. Qh8+ Ke6 49. Qc8+ Kf6 50.
Qxh3 1-0

[Event "*** Titled Tuesday Blitz"]
[Site "Chess.com"]
[Date "2021.04.27"]
[Round "5"]
[White "UmbertoConcelli"]
[Black "elextranjero00"]
[Result "0-1"]
[WhiteElo "2800"]
[BlackElo "2583"]
[TimeControl "180+1"]
[EndTime "10:56:58 PDT"]
[Termination "elextranjero00 won by checkmate"]

1. d4 Nf6 2. c4 e6 3. Nf3 c5 4.
d5 exd5 5. cxd5 d6 6. Nc3 g6 7. Nd2 Bg7 8. e4 O-O 9. Be2 Re8 10. O-O Na6 11. Re1 Nc7 12. Bf1 Rb8 13. a4 b6 14. h3 a6 15. Nc4 b5 16. Na5 Bd7 17.
axb5 Nxb5 18. Bxb5 axb5 19. Nc6 Bxc6 20. dxc6 Qc7 21.
Ra6 Qc8 22. Ra7 Qxc6 23. Qf3 Rb7 24. Rxb7 Qxb7 25. Bg5 Nd7 26. Nd5 h6 27. Bc1 Qxd5 28. exd5 Rxe1+ 29. Kh2 Rxc1 30. Qe3 Rc4 31. Qe7 Be5+ 32.
g3 Nf8 33. f4 Rc2+ 34. Kh1 Bxb2 35. Qxd6 Bd4 36. Qb8 b4 37. d6 Kg7 38. Qb7 c4 39.
Qxb4 Bf6 40. Qa4 Rc1+ 41. Kg2 c3 42. d7 Rb1 43. Qc6 Rb2+ 44. Kf3 Rd2 45. f5 Rxd7 46. fxg6 fxg6 47. h4 Rf7 48. Ke4 h5 49. Qc8 Re7+ 50. Kf3 Re6 51. Qc7+ Re7 52. Qc4 Ne6 53. Kg2 Kf7 54.
Qb3 Rc7 55. Qc2 Nd4 56. Qa2+ Kg7 57. Qa5 Ne6 58. Qa1 c2 59. Qc1 Bb2 60. Kf2 Bxc1 61. Ke2 Bf4 62. Kd3 c1=Q 63. Ke4 Qc3 64. Kd5 Qc4# 0-1